Map: Submarine LE

Players

OneStepClosr

  • Race: Zerg Zerg
  • League: Platinum
  • Spawn Location: 11:00

Massa - Winner!

  • Race: Terran Terran
  • League: Platinum
  • Spawn Location: 5:00

VOD

Have the link to the VOD?

Description

Time

  • Played on: Jan. 12, 2021, 2:26 p.m.
  • Length: 23:08
Show
View Real Time Build Order
Export as new Build Order

OneStepClosr Zerg 

Build Orders: Hatch First 

Get SALT Encoding   

  12  0:03  Drone  
  13  0:08  Drone  
  14  0:18  Overlord  
  14  0:37  Drone x2  
  16  0:48  Hatchery  
  15  0:52  Drone  
  15  0:56  Drone  
  17  0:59  Drone  
  18  1:10  Extractor  
  17  1:15  Spawning Pool  
  16  1:19  Drone  
  16  1:22  Drone  
  18  1:31  Drone  
  19  1:43  Overlord  
  19  1:54  Drone  
  20  2:02  Extractor  
  19  2:11  Drone x2  
  21  2:28  Overlord  
  21  2:29  Drone x2  
  24  2:30  Drone  
  24  2:33  Queen x2  
  28  2:40  Drone x2  
  30  2:56  Zergling x4  
  32  3:08  Drone  
  32  3:09  Drone x3  
  36  3:15  Hatchery  
  35  3:20  Drone  
  35  3:21  Drone  
  35  3:23  Metabolic Boost  
  35  3:24  Pneumatized Carapace  
  37  3:27  Overlord  
  37  3:32  Zergling x2  
  38  3:36  Baneling Nest  
  38  3:37  Drone  
  38  3:44  Queen  
  40  3:52  Zergling x4  
  40  3:53  Zergling x4  
  44  4:05  Drone x3  
  44  4:06  Drone x2  
  49  4:21  Drone x3  
  52  4:30  Evolution Chamber  
  51  4:32  Evolution Chamber  
  51  4:34  Spine Crawler  
  49  4:49  Drone x4  
  49  4:50  Overlord, Zergling x2  
  49  4:51  Zergling x8  
  58  4:55  Lair, Extractor x2  
  58  4:58  Zerg Melee Weapons Level 1  
  56  5:12  Drone x3  
  56  5:13  Zergling x6  
  56  5:14  Zergling x2  
  63  5:20  Zerg Ground Armor Level 1  
  63  5:26  Spore Crawler  
  62  5:29  Spore Crawler, Drone x3, Overlord x2  
  61  5:43  Baneling x2  
  61  5:44  Baneling x4  
  61  5:45  Zergling x2  
  61  5:46  Zergling x6  
  61  5:48  Overlord  
  65  6:32  Spine Crawler, Zergling x2  
  65  6:33  Zergling x4  
  50  6:50  Zergling x10  
  52  7:04  Zergling x8  
  52  7:05  Zergling x6  
  58  7:19  Zergling x8  
  58  7:20  Overlord x2, Zergling x4  
  58  7:21  Drone x3  
  66  7:37  Zergling x2  
  66  7:38  Zergling x8  
  66  7:39  Queen  
  70  7:49  Drone x2  
  70  7:50  Drone  
  73  7:56  Spine Crawler  
  73  7:57  Centrifical Hooks, Spore Crawler x2, Spine Crawler  
  69  8:00  Hatchery  
  68  8:12  Drone x5  
  73  8:13  Drone  
  73  8:16  Zerg Melee Weapons Level 2  
  73  8:17  Zerg Ground Armor Level 2  
  74  8:21  Drone x2  
  76  8:31  Baneling  
  76  8:32  Baneling x6  
  76  8:33  Baneling x4  
  76  8:47  Drone x5  
  76  8:48  Drone x3  
  83  9:14  Baneling x4  
  83  9:15  Baneling x2  
  83  9:21  Overlord x2  
  83  9:22  Zergling x10  
  83  9:23  Zergling x2  
  89  9:26  Spire  
  89  9:28  Extractor  
  89  9:29  Extractor  
  86  9:32  Drone x4  
  86  9:33  Hydralisk Den, Drone x2, Overlord x2  
  67  10:06  Zergling x4  
  67  10:07  Hydralisk x5, Zergling x8  
  66  10:36  Hydralisk x2, Zergling x12  
  66  10:37  Zergling x4  
  78  10:49  Muscular Augments  
  77  10:52  Zerg Missile Weapons Level 1  
  77  11:13  Zergling x10  
  77  11:16  Hatchery  
  77  11:18  Spine Crawler, Spore Crawler  
  79  11:36  Zergling x2  
  79  11:37  Zergling x4  
  82  11:40  Baneling x2  
  82  11:41  Hatchery, Baneling x4  
  81  11:47  Baneling x2  
  81  11:48  Baneling x4  
  81  12:00  Grooved Spines  
  81  12:06  Hatchery  
  80  12:23  Hydralisk x3, Zergling x6  
  80  12:28  Spire  
  88  12:35  Drone x6  
  88  12:36  Drone x4  
  98  12:40  Infestation Pit  
  97  12:52  Hydralisk x2, Zergling x6  
  97  12:55  Overlord  
  97  12:56  Overlord  
  97  12:58  Queen x2  
  108  13:08  Extractor  
  108  13:10  Drone x6  
  108  13:11  Drone x3  
  116  13:31  Spore Crawler  
  116  13:32  Spine Crawler  
  116  13:33  Spine Crawler, Spore Crawler  
  112  13:38  Drone x4  
  112  13:39  Drone x3  
  119  13:42  Extractor  
  119  13:43  Extractor  
  119  13:47  Hive  
  117  13:49  Spine Crawler  
  117  13:51  Zerg Flyer Weapons Level 1  
  117  13:52  Mutalisk x5  
  117  13:53  Mutalisk x2  
  130  14:26  Overseer  
  130  14:27  Overseer  
  130  14:29  Overseer  
  130  14:38  Lurker Den  
  102  15:02  Zergling x6  
  102  15:03  Hydralisk x4, Zergling x14  
  102  15:04  Mutalisk x5, Hydralisk  
  102  15:05  Mutalisk x2  
  126  15:23  Mutalisk x3, Zergling x8  
  126  15:24  Mutalisk x3, Zergling x12  
  137  15:41  Overlord x6  
  118  16:17  Hydralisk x2, Zergling x8  
  118  16:18  Hydralisk x8, Zergling x4  
  107  16:55  Zergling x4  
  107  16:56  Hydralisk x5, Zergling x6  
  107  16:57  Zergling x4  
  123  17:12  Zergling x8  
  123  17:18  Lurker x2  
  123  17:19  Lurker x3  
  123  17:20  Lurker x2  
  100  17:50  Mutalisk x4  
  100  17:51  Mutalisk x3  
  94  18:13  Hydralisk x2, Zergling x10  
  94  18:14  Zergling x6, Hydralisk x3  
  94  18:17  Overseer x4  
  94  18:19  Queen  
  112  18:36  Hatchery  
  111  18:41  Hatchery  
  111  18:45  Evolution Chamber  
  111  18:47  Evolution Chamber, Adrenal Glands  
  105  19:37  Zerg Missile Weapons Level 2  
  105  19:39  Zerg Melee Weapons Level 3  
  105  19:43  Zerg Flyer Weapons Level 2  
  105  19:45  Mutalisk x4  
  105  19:46  Hydralisk x4  
  121  20:04  Zergling x4  
  121  20:05  Zergling x12  
  121  20:06  Zergling x10  
  132  20:09  Lurker x2  
  132  20:10  Lurker x3  
  137  20:29  Baneling  
  137  20:30  Baneling x3  
  137  20:31  Baneling x2  
  137  20:58  Drone x4  
  137  20:59  Drone x4  
  137  21:00  Drone x6  
  137  21:01  Drone, Extractor x2  
  106  21:45  Seismic Spines  
  106  21:51  Zergling x12  
  106  21:52  Zergling x10  
  75  22:29  Zergling x8  
  69  22:30  Zergling x6, Hydralisk x10  
  69  22:31  Hydralisk x2  
  69  22:32  Zergling x4  
  69  22:33  Zergling x2  
Show
View Real Time Build Order
Export as new Build Order

Massa Terran - Winner!

Build Orders:  

Get SALT Encoding   

  12  0:00  SCV  
  13  0:15  Supply Depot  
  13  0:17  SCV  
  14  0:29  SCV  
  15  0:37  Barracks  
  15  0:41  SCV  
  16  0:48  Refinery  
  16  0:54  SCV  
  17  1:06  SCV  
  18  1:18  SCV  
  19  1:29  Command Center  
  19  1:40  Supply Depot  
  19  1:41  Marine  
  19  1:45  SCV  
  21  1:57  Orbital Command  
  21  2:11  Factory  
  21  2:29  Marine  
  21  2:32  SCV  
  23  2:44  SCV  
  24  2:51  Barracks Tech Lab  
  24  2:52  Orbital Command  
  24  2:56  SCV  
  24  2:57  Factory Tech Lab  
  25  3:02  Starport  
  25  3:03  Refinery  
  25  3:08  SCV  
  25  3:10  Marine  
  27  3:16  Hellion  
  27  3:18  SCV  
  30  3:20  SCV  
  30  3:24  Barracks  
  31  3:28  Barracks  
  31  3:30  Infernal Pre-Igniter  
  31  3:36  SCV  
  31  3:38  Hellion  
  34  3:47  Medivac  
  36  3:51  SCV  
  36  3:52  SCV  
  36  3:53  Refinery  
  38  4:00  Marine  
  38  4:01  Widow Mine  
  41  4:03  SCV  
  41  4:04  SCV  
  43  4:16  SCV x2  
  45  4:17  Marine  
  45  4:23  Engineering Bay  
  46  4:32  Supply Depot  
  46  4:34  Supply Depot  
  46  4:54  Widow Mine, SCV x2  
  50  5:00  Command Center  
  50  5:06  SCV x2  
  52  5:11  Missile Turret  
  52  5:13  Missile Turret  
  52  5:14  Liberator  
  52  5:18  SCV x2  
  60  5:28  Siege Tank  
  60  5:29  Marauder  
  60  5:30  Stimpack  
  60  5:33  Marine, SCV  
  60  5:34  SCV  
  61  5:45  SCV  
  62  6:16  Marine x3  
  65  6:47  Marine  
  48  7:04  Marine  
  48  7:08  Supply Depot  
  46  7:10  Supply Depot  
  46  7:14  Marine  
  46  7:15  Marine  
  47  7:17  Siege Tank  
  47  7:22  Marine  
  36  7:32  Marine x2  
  36  7:33  Combat Shield  
  37  7:41  Marauder  
  38  7:44  Terran Infantry Weapons Level 1  
  38  7:48  Liberator  
  38  7:49  Armory, Siege Tank  
  38  7:50  Marine  
  45  7:52  SCV x2  
  45  7:55  Planetary Fortress  
  47  8:04  SCV x2  
  49  8:07  Marauder, Marine  
  49  8:08  Marine  
  53  8:21  Siege Tank  
  53  8:24  Barracks x2  
  53  8:26  Marine, Engineering Bay  
  58  8:28  Marauder, Missile Turret  
  58  8:31  Medivac  
  58  8:33  Barracks Reactor  
  61  8:43  Drilling Claws  
  61  8:49  Marauder, SCV  
  61  8:51  Factory  
  61  8:52  Concussive Shells  
  61  8:53  SCV x2  
  66  9:02  SCV  
  67  9:05  SCV x2  
  69  9:14  SCV  
  70  9:17  SCV x2  
  72  9:26  SCV  
  72  9:27  Terran Vehicle Weapons Level 1  
  72  9:29  Barracks Tech Lab, Barracks Reactor, SCV  
  72  9:31  Barracks Tech Lab  
  74  9:32  Marine  
  74  9:33  Marauder, Marine  
  74  9:35  Siege Tank  
  74  9:38  SCV x2  
  82  9:41  SCV  
  82  9:42  Supply Depot  
  85  9:53  Marine x2, SCV  
  85  9:54  Supply Depot  
  82  10:01  Smart Servos  
  73  10:44  Supply Depot  
  73  10:45  Supply Depot x2  
  73  10:46  Supply Depot, Marine x2, SCV  
  73  10:47  Supply Depot  
  73  10:49  Marauder  
  70  10:50  Marine  
  70  10:51  Marauder  
  70  10:53  Factory Reactor  
  70  10:58  Terran Infantry Armor Level 1, Command Center  
  70  11:05  Marine, Refinery, Medivac  
  70  11:06  Hellion, SCV x2  
  70  11:07  Marauder  
  79  11:13  Marauder  
  79  11:18  SCV x2  
  83  11:28  Marauder  
  83  11:30  SCV x2  
  83  11:32  Terran Infantry Weapons Level 2  
  87  11:35  Medivac  
  87  11:37  Siege Tank  
  92  11:41  Widow Mine  
  92  11:42  Widow Mine  
  96  11:54  Engineering Bay  
  95  12:03  Widow Mine x2  
  101  12:10  Marauder x3, Marine x4, Siege Tank  
  101  12:13  Starport Reactor  
  112  12:20  Supply Depot  
  112  12:24  Widow Mine x2  
  112  12:25  Supply Depot  
  112  12:27  Marine  
  112  12:28  Marine x3  
  120  12:30  Marine  
  120  12:31  Marine x2  
  120  12:38  Planetary Fortress  
  120  12:44  Supply Depot  
  120  12:49  Supply Depot, Marauder x2  
  124  12:58  SCV x2  
  126  13:02  Medivac x2  
  126  13:04  Marauder, Marine x2  
  126  13:05  Marine x2  
  136  13:10  Widow Mine x2, Marauder x2, SCV x2  
  136  13:11  Widow Mine  
  148  13:19  SCV  
  149  13:22  Marine, SCV x2  
  152  13:32  Medivac, Widow Mine  
  156  13:44  Supply Depot x2  
  156  13:47  Supply Depot, Command Center  
  156  14:06  Widow Mine x3  
  162  14:14  Refinery  
  162  14:15  Terran Infantry Weapons Level 3, Terran Infantry Armor Level 2  
  162  14:20  Terran Vehicle And Ship Armor Level 1  
  162  14:27  Widow Mine x3  
  162  14:29  Marauder x3, Marine x4  
  178  14:43  Sensor Tower  
  178  14:47  Marine x3  
  181  14:56  Marauder, Marine, Siege Tank  
  181  14:57  Marauder  
  181  14:58  Marauder  
  181  15:02  Missile Turret  
  181  15:04  Marine  
  182  15:17  Marauder  
  182  15:19  Marauder x2  
  178  15:38  Marauder  
  178  15:40  Marauder, Marine  
  178  15:41  Marauder, Widow Mine x2  
  178  15:42  Widow Mine  
  185  15:45  Medivac  
  185  15:46  Medivac  
  179  16:00  Marauder  
  179  16:02  Marauder  
  179  16:03  Siege Tank, Widow Mine x2  
  185  16:15  Medivac  
  175  16:53  Medivac x2  
  157  17:20  Marauder  
  157  17:21  Marauder x2, Marine x4  
  167  17:23  Widow Mine x2, Medivac, Siege Tank  
  171  17:38  Marine  
  171  17:39  Marine x3  
  171  17:42  Marauder x3  
  181  17:45  Widow Mine  
  164  17:55  Siege Tank  
  164  17:56  Marine  
  164  17:57  Marine x3  
  171  18:03  Marauder  
  171  18:04  Marauder x2  
  162  18:14  Marine, Widow Mine  
  162  18:15  Marine x3, Widow Mine  
  170  18:24  Marauder, Command Center  
  170  18:25  Marauder x2  
  179  18:27  Siege Tank  
  179  18:36  Widow Mine x2  
  177  18:46  Marauder  
  179  18:53  Terran Infantry Armor Level 3  
  179  19:04  Refinery  
  169  19:25  Sensor Tower  
  169  19:38  Marine x2  
  169  19:39  Marauder x3, Marine x2  
  169  19:40  Widow Mine x2, Siege Tank  
  169  19:45  Missile Turret  
  183  20:08  Medivac x2  
  183  20:14  Hi-Sec Auto Tracking  
  187  20:24  Refinery  
  187  20:25  Refinery  
  187  20:26  Planetary Fortress  
  187  20:51  Siege Tank  
  188  21:28  Marauder x2, Marine  
  188  21:29  Marine x4  
  197  21:44  Viking  
  197  21:46  Marine  
  187  22:38  Widow Mine x2  
Tags
 
Matchup
TvZ
Replay Pack
Multiplayer
Spawn Locations
Cross Positions
Add a new tag
Caveats
  • Supply blocks, unpowered buildings, or Contaminate may cause inaccurate times.
  • Supply counts are checked every 10 seconds.